[Event "22nd ETCC Women 2019"]
[Site "Batumi"]
[Date "2019.10.24"]
[Round "1.1"]
[White "Shvayger, Yuliya"]
[Black "Goryachkina, Aleksandra"]
[Result "1/2-1/2"]
[ECO "C07"]
[WhiteElo "2336"]
[BlackElo "2575"]
[Annotator "ChessBase"]
[PlyCount "57"]
[EventDate "2019.10.24"]
[EventType "team-tourn"]
[EventCountry "GEO"]
[SourceTitle "playchess.com"]
[Source "ChessBase"]
[SourceQuality "1"]
[WhiteTeam "Israel"]
[BlackTeam "Russia"]
[WhiteTeamCountry "ISR"]
[BlackTeamCountry "RUS"]
[TimeControl "40/5400+30:1800+30"]

1. e4 e6 2. d4 d5 3. Nd2 c5 4. exd5 Qxd5 5. dxc5 Qxc5 6. Ne4 Qb4+ 7. Nc3 Nf6 8. a3 Qb6 9. Be3 Bc5 10. Na4 Qa5+ 11. b4 Qxa4 12. Bxc5 Nbd7 13. Be3 a5 14. b5 O-O 15. c4 Qxd1+ 16. Rxd1 Ne4 17. f3 Nec5 18. Ne2 b6 19. Nc3 Bb7 20. Rd6 Rfd8 21. Be2 Rac8 22. Kf2 Kf8 23. Rhd1 Ke7 24. h4 Ba8 25. Bf1 h6 26. Be2 Rb8 27. Bf1 Rbc8 28. Be2 Rb8 29. Bf1 1/2-1/2

[Event "22nd ETCC Women 2019"]
[Site "Batumi"]
[Date "2019.10.24"]
[Round "1.2"]
[White "Lagno, Kateryna"]
[Black "Efroimski, Marsel"]
[Result "1-0"]
[ECO "B62"]
[WhiteElo "2549"]
[BlackElo "2317"]
[Annotator "ChessBase"]
[PlyCount "109"]
[EventDate "2019.10.24"]
[EventType "team-tourn"]
[EventCountry "GEO"]
[SourceTitle "playchess.com"]
[Source "ChessBase"]
[SourceQuality "1"]
[WhiteTeam "Russia"]
[BlackTeam "Israel"]
[WhiteTeamCountry "RUS"]
[BlackTeamCountry "ISR"]
[TimeControl "40/5400+30:1800+30"]

1. e4 c5 2. Nf3 d6 3. d4 cxd4 4. Nxd4 Nf6 5. Nc3 Nc6 6. Bg5 e6 7. Bb5 Bd7 8. Qd3 Be7 9. O-O-O h6 10. Bh4 O-O 11. Bxc6 bxc6 12. Nb3 a5 13. Bxf6 gxf6 14. Qg3+ Kh7 15. Rxd6 Bxd6 16. Qxd6 Bc8 17. Rd1 Qxd6 18. Rxd6 Ra7 19. Rxc6 Bd7 20. Rd6 Be8 21. a4 Rg8 22. g3 Kg7 23. h4 Kf8 24. Rd8 Ke7 25. Rc8 Kd7 26. Rc5 Kd6 27. Kd2 Bd7 28. Kd3 Rb8 29. Rxa5 Rxa5 30. Nxa5 Kc5 31. b3 Bc8 32. Nb5 Bd7 33. Na3 e5 34. c3 f5 35. N3c4 fxe4+ 36. Kxe4 f5+ 37. Kxe5 Re8+ 38. Kf4 Re4+ 39. Kf3 Be8 40. Nb7+ Kd5 41. Nbd6 Bh5+ 42. Kg2 Re1 43. Nxf5 Ke4 44. Nd4 Kd3 45. Ne3 Kxc3 46. Ndf5 Kd3 47. Nxh6 Ke4 48. Nhg4 Kd3 49. Nf6 Bf7 50. h5 Bxb3 51. h6 Bxa4 52. h7 Bc6+ 53. Nfd5 Bxd5+ 54. Nxd5 Re8 55. Nf4+ 1-0

[Event "22nd ETCC Women 2019"]
[Site "Batumi"]
[Date "2019.10.24"]
[Round "1.2"]
[White "Trippold, Denise"]
[Black "Yildiz Kadioglu, Betul Cemre"]
[Result "0-1"]
[ECO "D02"]
[WhiteElo "2180"]
[BlackElo "2338"]
[Annotator "NA"]
[PlyCount "144"]
[EventDate "2019.10.24"]
[EventType "team-tourn"]
[EventCountry "GEO"]
[SourceTitle "playchess.com"]
[Source "ChessBase"]
[SourceQuality "1"]
[WhiteTeam "Austria"]
[BlackTeam "Turkey"]
[WhiteTeamCountry "AUT"]
[BlackTeamCountry "TUR"]
[TimeControl "40/5400+30:1800+30"]

1. d4 d5 2. Nf3 c5 3. c4 dxc4 4. e3 cxd4 5. Bxc4 Qc7 6. Bb3 dxe3 7. Bxe3 e6 8. O-O Nf6 9. Nc3 a6 10. Rc1 Nc6 11. Nd4 Bd7 12. Ba4 Be7 13. Qf3 O-O 14. Rfd1 Rac8 15. Nce2 b5 16. Bc2 Nxd4 17. Nxd4 Qb8 18. Bg5 Rfd8 19. Re1 Nd5 20. Bxe7 Nxe7 21. Qh5 h6 22. Nf3 Be8 23. Qh4 Nd5 24. Ne5 Nf6 25. Nf3 Rc4 26. Be4 Rxc1 27. Rxc1 Rc8 28. Re1 Qd6 29. Bb1 Rc4 30. Qh3 Qc7 31. Qg3 Qxg3 32. hxg3 Kf8 33. Rd1 Nd5 34. Kf1 Rc7 35. Ne5 Ke7 36. Ke2 a5 37. Be4 Nb6 38. Bd3 Na4 39. Rd2 Rc5 40. Nf3 e5 41. Be4 Bd7 42. Ke3 Be6 43. a3 f5 44. Bb1 Nb6 45. Ke2 g6 46. Nh4 Bc4+ 47. Ke1 Bf7 48. g4 Rc1+ 49. Rd1 Rxd1+ 50. Kxd1 fxg4 51. Nxg6+ Kf6 52. Nh4 Nc4 53. Kc1 Bd5 54. g3 Nd6 55. Kd2 b4 56. axb4 axb4 57. Bc2 Ne4+ 58. Ke3 Nc5 59. Kd2 b3 60. Bb1 Be4 61. Bxe4 Nxe4+ 62. Ke2 Nc5 63. Kd2 Na4 64. Kc1 h5 65. Ng2 Kf5 66. Ne3+ Ke4 67. Nd1 Kd3 68. Ne3 Ke2 69. Nd1 Ke1 70. Nc3 Nxc3 71. bxc3 Kxf2 72. c4 e4 0-1

[Event "22nd ETCC Women 2019"]
[Site "Batumi"]
[Date "2019.10.24"]
[Round "1.3"]
[White "Ozturk, Kubra"]
[Black "Novkovic, Julia"]
[Result "1-0"]
[ECO "A42"]
[WhiteElo "2317"]
[BlackElo "2146"]
[Annotator "NA"]
[PlyCount "95"]
[EventDate "2019.10.24"]
[EventType "team-tourn"]
[EventCountry "GEO"]
[SourceTitle "playchess.com"]
[Source "ChessBase"]
[SourceQuality "1"]
[WhiteTeam "Turkey"]
[BlackTeam "Austria"]
[WhiteTeamCountry "TUR"]
[BlackTeamCountry "AUT"]
[TimeControl "40/5400+30:1800+30"]

1. d4 g6 2. c4 Bg7 3. e4 d6 4. Nc3 Nc6 5. Be3 e5 6. Nge2 f5 7. exf5 Bxf5 8. d5 Nce7 9. Ng3 Bh6 10. Bd3 Bxe3 11. fxe3 Nh6 12. O-O O-O 13. Nce4 Bxe4 14. Nxe4 Nef5 15. Qe2 Qe7 16. Rf2 Ng7 17. Raf1 Rxf2 18. Qxf2 Nh5 19. Be2 Ng7 20. g4 Kh8 21. h4 Rg8 22. Ng5 Re8 23. Kg2 c6 24. Qf6 Qxf6 25. Rxf6 cxd5 26. cxd5 Rd8 27. Rf7 Rb8 28. Rd7 Kg8 29. Rxd6 Ne8 30. Re6 Rc8 31. d6 Rd8 32. Bc4 Kh8 33. Re7 Nf6 34. Rxb7 Rxd6 35. Rb8+ Kg7 36. Ne6+ Kf7 37. g5 Rd2+ 38. Kf1 Nfg4 39. Rb7+ Kg8 40. Ke1 Rc2 41. Bb3 Rh2 42. gxh6 Nxh6 43. Ng5+ Kf8 44. Nxh7+ Ke8 45. Nf6+ Kd8 46. Be6 Rh1+ 47. Kd2 Nf5 48. Nd5 1-0

[Event "22nd ETCC Women 2019"]
[Site "Batumi"]
[Date "2019.10.24"]
[Round "1.3"]
[White "Lahav, Michal"]
[Black "Girya, Olga"]
[Result "0-1"]
[ECO "B11"]
[WhiteElo "2221"]
[BlackElo "2476"]
[Annotator "ChessBase"]
[PlyCount "106"]
[EventDate "2019.10.24"]
[EventType "team-tourn"]
[EventCountry "GEO"]
[SourceTitle "playchess.com"]
[Source "ChessBase"]
[SourceQuality "1"]
[WhiteTeam "Israel"]
[BlackTeam "Russia"]
[WhiteTeamCountry "ISR"]
[BlackTeamCountry "RUS"]
[TimeControl "40/5400+30:1800+30"]

1. e4 c6 2. Nc3 d5 3. Nf3 Bg4 4. h3 Bxf3 5. Qxf3 Nf6 6. Be2 e6 7. O-O Bc5 8. Rd1 Bd4 9. Qf4 Bxc3 10. bxc3 Nxe4 11. Rb1 Qe7 12. Bf3 Ng5 13. Bh5 O-O 14. d3 f6 15. Re1 Nf7 16. Qb4 Qxb4 17. Rxb4 Nd8 18. Ba3 g6 19. Bg4 Re8 20. c4 Nd7 21. cxd5 cxd5 22. f4 Rc8 23. Bf3 Nb6 24. Bd1 Kf7 25. Bc1 Re7 26. Ba3 Rec7 27. Rb3 Na4 28. c4 Nc5 29. Bxc5 Rxc5 30. cxd5 Rxd5 31. Kf2 b6 32. Ra3 Rc7 33. Bb3 Rd6 34. Bc4 Nc6 35. Ke3 Nb4 36. Re2 a5 37. Kf2 Rc5 38. Rb2 b5 39. Rxa5 Rxc4 40. Ra7+ Ke8 41. dxc4 Nd3+ 42. Ke2 Nxb2 43. cxb5 Nc4 44. a4 Rd7 45. Ra8+ Ke7 46. a5 Rd2+ 47. Kf3 Ra2 48. a6 Ra3+ 49. Kf2 Kd6 50. Rc8 Kd5 51. Rc6 Ra5 52. Rc8 Nd6 53. b6 Rxa6 0-1

[Event "22nd ETCC Women 2019"]
[Site "Batumi"]
[Date "2019.10.24"]
[Round "1.4"]
[White "Gunina, Valentina"]
[Black "Nesterovskaya, Anzhelika"]
[Result "1-0"]
[ECO "A80"]
[WhiteElo "2509"]
[BlackElo "2124"]
[Annotator "ChessBase"]
[PlyCount "75"]
[EventDate "2019.10.24"]
[EventType "team-tourn"]
[EventCountry "GEO"]
[SourceTitle "playchess.com"]
[Source "ChessBase"]
[SourceQuality "1"]
[WhiteTeam "Russia"]
[BlackTeam "Israel"]
[WhiteTeamCountry "RUS"]
[BlackTeamCountry "ISR"]
[TimeControl "40/5400+30:1800+30"]

1. d4 f5 2. Nc3 Nf6 3. Bg5 d5 4. e3 g6 5. h4 Be6 6. Nh3 Bf7 7. Nf4 Bg7 8. h5 Nbd7 9. Be2 c6 10. g4 Qa5 11. gxf5 gxf5 12. Qd2 O-O-O 13. Nd3 h6 14. Bf4 Rde8 15. b4 Qd8 16. Nb5 Qb6 17. Nc7 Ne4 18. Qc1 Reg8 19. Na8 Qd8 20. Qa3 e5 21. dxe5 Kb8 22. Nc7 Qxc7 23. e6 Nd6 24. exf7 Rf8 25. Nc5 Ne5 26. b5 Rxf7 27. Ne6 Qe7 28. Nxg7 Rxg7 29. bxc6 bxc6 30. Qc3 Re8 31. Rb1+ Kc8 32. Bxh6 Rgg8 33. Bf4 Kd7 34. h6 Qf6 35. Qa5 Nec4 36. Bxc4 dxc4 37. h7 Rg6 38. Rd1 1-0

[Event "22nd ETCC Women 2019"]
[Site "Batumi"]
[Date "2019.10.24"]
[Round "1.4"]
[White "Teuschler, Barbara"]
[Black "Caglar, Sila"]
[Result "0-1"]
[ECO "B06"]
[WhiteElo "2136"]
[BlackElo "2242"]
[Annotator "NA"]
[PlyCount "48"]
[EventDate "2019.10.24"]
[EventType "team-tourn"]
[EventCountry "GEO"]
[SourceTitle "playchess.com"]
[Source "ChessBase"]
[SourceQuality "1"]
[WhiteTeam "Austria"]
[BlackTeam "Turkey"]
[WhiteTeamCountry "AUT"]
[BlackTeamCountry "TUR"]
[TimeControl "40/5400+30:1800+30"]

1. e4 g6 2. d4 Bg7 3. Nc3 d6 4. Be3 Nf6 5. Qd2 O-O 6. Bh6 c5 7. Bxg7 Kxg7 8. O-O-O cxd4 9. Qxd4 Nc6 10. Qe3 Be6 11. Kb1 Qa5 12. Nge2 b5 13. Nd5 Rac8 14. a3 b4 15. Nxf6 exf6 16. Nd4 Nxd4 17. Rxd4 bxa3 18. Qd2 Qc5 19. b3 a2+ 20. Kxa2 Qxc2+ 21. Qxc2 Rxc2+ 22. Ka3 Rxf2 23. Rxd6 Rc8 24. Bd3 Rc3 0-1

[Event "22nd ETCC Women 2019"]
[Site "Batumi"]
[Date "2019.10.24"]
[Round "1.5"]
[White "Dzagnidze, Nana"]
[Black "Worek, Joanna"]
[Result "1-0"]
[ECO "A18"]
[WhiteElo "2502"]
[BlackElo "2319"]
[Annotator "ChessBase"]
[PlyCount "123"]
[EventDate "2019.10.24"]
[EventType "team-tourn"]
[EventCountry "GEO"]
[SourceTitle "playchess.com"]
[Source "ChessBase"]
[SourceQuality "1"]
[WhiteTeam "Georgia"]
[BlackTeam "Czech Republic"]
[WhiteTeamCountry "GEO"]
[BlackTeamCountry "CZE"]
[TimeControl "40/5400+30:1800+30"]

1. c4 Nf6 2. Nc3 e6 3. e4 d5 4. e5 d4 5. exf6 dxc3 6. bxc3 Qxf6 7. Nf3 Bd6 8. d4 h6 9. c5 Bf4 10. Bb2 c6 11. Bd3 O-O 12. Qe2 Re8 13. c4 Bc7 14. O-O Nd7 15. a4 Qe7 16. a5 Nf6 17. Bc3 Bd7 18. Ne5 b6 19. cxb6 axb6 20. a6 c5 21. dxc5 Qxc5 22. Rfd1 Bc8 23. Ng4 Nxg4 24. Qxg4 Be5 25. Qe4 Bxc3 26. Qxa8 Bxa1 27. a7 Be5 28. Qf3 Ba6 29. a8=Q Rxa8 30. Qxa8+ Bc8 31. Be4 Qc7 32. g3 f5 33. Bb7 Qxb7 34. Rd8+ Kf7 35. Qxc8 Qxc8 36. Rxc8 g5 37. Kg2 Bd4 38. f3 Kg6 39. g4 Kf7 40. Kf1 Bc5 41. Ke2 Bg1 42. h3 Kg6 43. Kd3 Bf2 44. Rc6 Kf6 45. Kc3 Bc5 46. Kb3 Ke5 47. Ka4 fxg4 48. fxg4 Kd4 49. Kb5 e5 50. Rxh6 e4 51. h4 gxh4 52. g5 Ke5 53. Rxh4 e3 54. g6 Kf6 55. Rg4 Kg7 56. Kc6 Bb4 57. Re4 Bc5 58. Re6 Bd4 59. Kd5 Bc5 60. Ke4 Kh6 61. Kf5 Kg7 62. Re4 1-0

[Event "22nd ETCC Women 2019"]
[Site "Batumi"]
[Date "2019.10.24"]
[Round "1.6"]
[White "Zimina, Olga"]
[Black "Heinatz, Gundula"]
[Result "1-0"]
[ECO "A05"]
[WhiteElo "2397"]
[BlackElo "2175"]
[Annotator "NA"]
[PlyCount "69"]
[EventDate "2019.10.24"]
[EventType "team-tourn"]
[EventCountry "GEO"]
[SourceTitle "playchess.com"]
[Source "ChessBase"]
[SourceQuality "1"]
[WhiteTeam "Italy"]
[BlackTeam "Switzerland"]
[WhiteTeamCountry "ITA"]
[BlackTeamCountry "SUI"]
[TimeControl "40/5400+30:1800+30"]

1. Nf3 Nf6 2. c4 c6 3. g3 d5 4. Bg2 Bg4 5. Ne5 Be6 6. cxd5 Bxd5 7. Nf3 c5 8. Nc3 Bc6 9. O-O e6 10. Re1 Be7 11. e4 O-O 12. d4 cxd4 13. Nxd4 Bc5 14. Be3 Nbd7 15. Qe2 Qe7 16. Rac1 Bxd4 17. Bxd4 e5 18. Nd5 Qd6 19. Bc3 Bxd5 20. exd5 Rfe8 21. Qb5 e4 22. Qxb7 Nc5 23. Qb4 Rab8 24. Qa3 Qxd5 25. Bxf6 Nd3 26. Bc3 Nxc1 27. Rxc1 h5 28. Re1 Qd7 29. Qa5 h4 30. Qg5 f5 31. Qxh4 Rb6 32. Qg5 Qf7 33. Bh3 Rf8 34. Bxf5 g6 35. Qh6 1-0

[Event "22nd ETCC Women 2019"]
[Site "Batumi"]
[Date "2019.10.24"]
[Round "1.6"]
[White "Petrova, Kristyna"]
[Black "Javakhishvili, Lela"]
[Result "1/2-1/2"]
[ECO "B31"]
[WhiteElo "2259"]
[BlackElo "2457"]
[Annotator "ChessBase"]
[PlyCount "61"]
[EventDate "2019.10.24"]
[EventType "team-tourn"]
[EventCountry "GEO"]
[SourceTitle "playchess.com"]
[Source "ChessBase"]
[SourceQuality "1"]
[WhiteTeam "Czech Republic"]
[BlackTeam "Georgia"]
[WhiteTeamCountry "CZE"]
[BlackTeamCountry "GEO"]
[TimeControl "40/5400+30:1800+30"]

1. e4 c5 2. Nf3 Nc6 3. Bb5 g6 4. Bxc6 bxc6 5. O-O Bg7 6. c3 Nh6 7. Re1 O-O 8. d4 cxd4 9. cxd4 d5 10. e5 f6 11. exf6 exf6 12. Nbd2 g5 13. h3 Qd6 14. Nb3 g4 15. hxg4 Bxg4 16. g3 Nf7 17. Bf4 Qd7 18. Qd3 Rae8 19. Nc5 Qc8 20. Nh2 Ng5 21. Bxg5 fxg5 22. Qd2 h6 23. Rxe8 Rxe8 24. Nxg4 Qxg4 25. Re1 Rxe1+ 26. Qxe1 Bxd4 27. Qe8+ Kh7 28. Qf7+ Kh8 29. Qf8+ Kh7 30. Qf7+ Kh8 31. Qf8+ 1/2-1/2

[Event "22nd ETCC Women 2019"]
[Site "Batumi"]
[Date "2019.10.24"]
[Round "1.7"]
[White "Khotenashvili, Bela"]
[Black "Sikorova, Olga"]
[Result "1/2-1/2"]
[ECO "A48"]
[WhiteElo "2446"]
[BlackElo "2234"]
[Annotator "NA"]
[PlyCount "105"]
[EventDate "2019.10.24"]
[EventType "team-tourn"]
[EventCountry "GEO"]
[SourceTitle "playchess.com"]
[Source "ChessBase"]
[SourceQuality "1"]
[WhiteTeam "Georgia"]
[BlackTeam "Czech Republic"]
[WhiteTeamCountry "GEO"]
[BlackTeamCountry "CZE"]
[TimeControl "40/5400+30:1800+30"]

1. d4 Nf6 2. Nf3 g6 3. Bg5 Bg7 4. Nbd2 d5 5. e3 c5 6. c3 Qb6 7. Qb3 c4 8. Qa3 Bf8 9. Ne5 Nfd7 10. Nxd7 Bxd7 11. b3 f6 12. Bh4 e5 13. Qc1 exd4 14. exd4 cxb3 15. axb3 Bh6 16. Be2 O-O 17. O-O Nc6 18. Rd1 Ne7 19. Bf3 Be6 20. Bg3 Nf5 21. Qb2 Bf7 22. Nf1 Rfe8 23. Qa3 a6 24. Bg4 Nxg3 25. hxg3 f5 26. Bf3 Rac8 27. Rd3 Rc7 28. g4 fxg4 29. Bxg4 Rce7 30. Bf3 Qf6 31. Qa5 Qf5 32. Rdd1 Bf4 33. Qa2 g5 34. Qb1 Qf6 35. Qd3 Kg7 36. c4 dxc4 37. bxc4 h5 38. Bd5 Bxd5 39. cxd5 h4 40. Ra2 Rd8 41. Qf3 Qf7 42. Re2 Rxe2 43. Qxe2 Rxd5 44. Ne3 Rd6 45. Qd3 Rf6 46. Ng4 Rd6 47. d5 b5 48. Qd4+ Kg6 49. Qe4+ Kh5 50. Qe2 Kg6 51. Qe4+ Kh5 52. Qe2 Kg6 53. Qe4+ 1/2-1/2

[Event "22nd ETCC Women 2019"]
[Site "Batumi"]
[Date "2019.10.24"]
[Round "1.7"]
[White "De Seroux, Camille"]
[Black "Gueci, Tea"]
[Result "1/2-1/2"]
[ECO "A45"]
[WhiteElo "2140"]
[BlackElo "2265"]
[Annotator "NA"]
[PlyCount "86"]
[EventDate "2019.10.24"]
[EventType "team-tourn"]
[EventCountry "GEO"]
[SourceTitle "playchess.com"]
[Source "ChessBase"]
[SourceQuality "1"]
[WhiteTeam "Switzerland"]
[BlackTeam "Italy"]
[WhiteTeamCountry "SUI"]
[BlackTeamCountry "ITA"]
[TimeControl "40/5400+30:1800+30"]

1. d4 Nf6 2. Bf4 d6 3. e3 g6 4. Nd2 Bg7 5. h3 Nbd7 6. Ngf3 O-O 7. Be2 b6 8. O-O Bb7 9. c4 Re8 10. Bh2 e5 11. d5 e4 12. Nd4 a5 13. b3 Nc5 14. a3 Qe7 15. Qc2 Nfd7 16. b4 axb4 17. axb4 Na6 18. Ra4 Bxd4 19. exd4 e3 20. Nf3 c6 21. dxc6 Bxc6 22. b5 Be4 23. Qc1 exf2+ 24. Rxf2 Nc7 25. Rxa8 Rxa8 26. Qe3 f5 27. Nd2 Nf6 28. Qg5 Ne6 29. Bxd6 Qd8 30. Qh4 Nxd4 31. Be5 Nxe2+ 32. Rxe2 Nd7 33. Qxd8+ Rxd8 34. Bd4 Rc8 35. Kf2 Kf7 36. Nxe4 fxe4 37. Rc2 Ke6 38. Ke3 Ne5 39. Kxe4 Nxc4 40. Kd3 Ne5+ 41. Kd2 Nc4+ 42. Kd3 Ne5+ 43. Kd2 Nc4+ 1/2-1/2

[Event "22nd ETCC Women 2019"]
[Site "Batumi"]
[Date "2019.10.24"]
[Round "1.8"]
[White "Miturova, Magdalena"]
[Black "Arabidze, Meri"]
[Result "0-1"]
[ECO "A05"]
[WhiteElo "2179"]
[BlackElo "2398"]
[Annotator "NA"]
[PlyCount "60"]
[EventDate "2019.10.24"]
[EventType "team-tourn"]
[EventCountry "GEO"]
[SourceTitle "playchess.com"]
[Source "ChessBase"]
[SourceQuality "1"]
[WhiteTeam "Czech Republic"]
[BlackTeam "Georgia"]
[WhiteTeamCountry "CZE"]
[BlackTeamCountry "GEO"]
[TimeControl "40/5400+30:1800+30"]

1. Nf3 Nf6 2. g3 b5 3. d3 Bb7 4. e4 d6 5. Bg2 e6 6. O-O Be7 7. Nbd2 O-O 8. b3 c5 9. Bb2 Nc6 10. a4 a6 11. Re1 Qb6 12. Nf1 Rfc8 13. d4 cxd4 14. Nxd4 Nxd4 15. Bxd4 Qc7 16. Re2 h6 17. f3 Nd7 18. Ne3 Bf6 19. Bxf6 Nxf6 20. c4 bxc4 21. Nxc4 d5 22. Nd2 a5 23. Rf2 Qc3 24. Rb1 Rab8 25. Qe1 dxe4 26. fxe4 Ng4 27. Rf3 Qd4+ 28. Kh1 Rc2 29. Rd1 Rd8 30. h3 Ne5 0-1

[Event "22nd ETCC Women 2019"]
[Site "Batumi"]
[Date "2019.10.24"]
[Round "1.8"]
[White "Movileanu, Daniela"]
[Black "Pellicoro, Nathalie"]
[Result "1-0"]
[ECO "B48"]
[WhiteElo "2173"]
[BlackElo "1967"]
[Annotator "NA"]
[PlyCount "49"]
[EventDate "2019.10.24"]
[EventType "team-tourn"]
[EventCountry "GEO"]
[SourceTitle "playchess.com"]
[Source "ChessBase"]
[SourceQuality "1"]
[WhiteTeam "Italy"]
[BlackTeam "Switzerland"]
[WhiteTeamCountry "ITA"]
[BlackTeamCountry "SUI"]
[TimeControl "40/5400+30:1800+30"]

1. e4 c5 2. Nf3 e6 3. d4 cxd4 4. Nxd4 Nc6 5. Nc3 Qc7 6. Be3 Nf6 7. f4 Bb4 8. Ndb5 Qa5 9. e5 Nd5 10. Bd2 Nxc3 11. Nxc3 O-O 12. a3 Bxc3 13. Bxc3 Qc7 14. Qg4 a5 15. Bd3 h6 16. O-O-O Ne7 17. Be4 Rb8 18. Rd3 Nf5 19. Qh3 b5 20. g4 d5 21. gxf5 dxe4 22. Rg3 Kh7 23. Rxg7+ Kxg7 24. Rg1+ Kh7 25. f6 1-0

[Event "22nd ETCC Women 2019"]
[Site "Batumi"]
[Date "2019.10.24"]
[Round "1.9"]
[White "Vega Gutierrez, Sabrina"]
[Black "Machlik, Monika"]
[Result "1-0"]
[ECO "E11"]
[WhiteElo "2395"]
[BlackElo "2159"]
[Annotator "NA"]
[PlyCount "135"]
[EventDate "2019.10.24"]
[EventType "team-tourn"]
[EventCountry "GEO"]
[SourceTitle "playchess.com"]
[Source "ChessBase"]
[SourceQuality "1"]
[WhiteTeam "Spain"]
[BlackTeam "Norway"]
[WhiteTeamCountry "ESP"]
[BlackTeamCountry "NOR"]
[TimeControl "40/5400+30:1800+30"]

1. d4 Nf6 2. c4 e6 3. Nf3 Bb4+ 4. Bd2 a5 5. a3 Bxd2+ 6. Qxd2 d6 7. Nc3 Nc6 8. Rd1 O-O 9. e4 Qe7 10. Be2 e5 11. d5 Nb8 12. b4 Nh5 13. g3 g6 14. O-O Ng7 15. c5 axb4 16. cxd6 cxd6 17. axb4 f5 18. Qg5 Qd7 19. Bb5 Qc7 20. Rc1 Qb6 21. Nd2 Bd7 22. Nc4 Qc7 23. Qe7 Ne8 24. Bxd7 Qxd7 25. Qxd7 Nxd7 26. Nb5 Ra4 27. Rb1 Rf6 28. exf5 gxf5 29. Na5 b6 30. Nc6 f4 31. Ra1 Rxa1 32. Rxa1 fxg3 33. hxg3 Rf8 34. Ra7 Ndf6 35. Nc3 Rf7 36. Ra8 Kg7 37. Nd8 Re7 38. Ne6+ Kf7 39. Rb8 Nd7 40. Rb7 Nef6 41. Ng5+ Kf8 42. Nge4 Ne8 43. f3 Ndf6 44. Rxb6 Rc7 45. Nxf6 Nxf6 46. Rxd6 Rxc3 47. Rxf6+ Kg7 48. Rf5 Rd3 49. d6 e4 50. fxe4 Rxd6 51. Rd5 Ra6 52. Kf2 Ra4 53. Rb5 Ra3 54. Rb6 Rb3 55. e5 Kf7 56. Rf6+ Ke7 57. Rf4 Ke6 58. Re4 Kd5 59. e6 Kxe4 60. e7 Rb2+ 61. Kg1 Rb1+ 62. Kg2 Rb2+ 63. Kh3 Rxb4 64. e8=Q+ Kd3 65. Qd7+ Rd4 66. Qxh7+ Ke3 67. Qf5 Rd1 68. Qf4+ 1-0

[Event "22nd ETCC Women 2019"]
[Site "Batumi"]
[Date "2019.10.24"]
[Round "1.9"]
[White "Hoolt, Sarah"]
[Black "Ushenina, Anna"]
[Result "0-1"]
[ECO "B31"]
[WhiteElo "2323"]
[BlackElo "2431"]
[Annotator "NA"]
[PlyCount "72"]
[EventDate "2019.10.24"]
[EventType "team-tourn"]
[EventCountry "GEO"]
[SourceTitle "playchess.com"]
[Source "ChessBase"]
[SourceQuality "1"]
[WhiteTeam "Germany"]
[BlackTeam "Ukraine"]
[WhiteTeamCountry "NOR"]
[BlackTeamCountry "UKR"]
[TimeControl "40/5400+30:1800+30"]

1. e4 c5 2. Nf3 Nc6 3. Bb5 g6 4. Bxc6 dxc6 5. d3 Bg7 6. h3 Nf6 7. Nc3 Nd7 8. Be3 e5 9. Qd2 h6 10. O-O b6 11. a4 Nf8 12. a5 Rb8 13. Na4 Ne6 14. Nh2 c4 15. Rfd1 cxd3 16. axb6 axb6 17. c4 Nd4 18. Qxd3 O-O 19. b4 b5 20. Nc5 Qe7 21. Bxd4 exd4 22. cxb5 Rxb5 23. Ra4 f5 24. Qc4+ Kh7 25. Re1 fxe4 26. Rxe4 Rxc5 27. Rxe7 Rxc4 28. Raa7 Rc1+ 29. Nf1 Rg8 30. g4 d3 31. Kg2 Rc2 32. Ne3 Re2 33. Kf3 Re1 34. Ra2 Kh8 35. Rc7 Rd8 36. Rxc6 Bb7 0-1

[Event "22nd ETCC Women 2019"]
[Site "Batumi"]
[Date "2019.10.24"]
[Round "1.10"]
[White "Buksa, Nataliya"]
[Black "Sieber, Fiona"]
[Result "1/2-1/2"]
[ECO "B52"]
[WhiteElo "2410"]
[BlackElo "2252"]
[Annotator "NA"]
[PlyCount "68"]
[EventDate "2019.10.24"]
[EventType "team-tourn"]
[EventCountry "GEO"]
[SourceTitle "playchess.com"]
[Source "ChessBase"]
[SourceQuality "1"]
[WhiteTeam "Ukraine"]
[BlackTeam "Germany"]
[WhiteTeamCountry "UKR"]
[BlackTeamCountry "GER"]
[TimeControl "40/5400+30:1800+30"]

1. e4 c5 2. Nf3 d6 3. Bb5+ Bd7 4. Bxd7+ Qxd7 5. c4 Nf6 6. Nc3 g6 7. O-O Bg7 8. d4 cxd4 9. Nxd4 O-O 10. f3 Rc8 11. b3 d5 12. exd5 Nxd5 13. Nxd5 e6 14. Bh6 exd5 15. Bxg7 Kxg7 16. cxd5 Qxd5 17. Ne2 Qxd1 18. Rfxd1 Rc2 19. Nf4 Nc6 20. Rd7 Re8 21. Rad1 Rxa2 22. Rxb7 Nd4 23. Kf1 Rc8 24. Rd7 Nxb3 25. Ne6+ Kh6 26. Rxf7 Rcc2 27. g4 Rf2+ 28. Kg1 Rg2+ 29. Kh1 Rxh2+ 30. Kg1 Rag2+ 31. Kf1 Rf2+ 32. Kg1 Rhg2+ 33. Kh1 Rh2+ 34. Kg1 Rhg2+ 1/2-1/2

[Event "22nd ETCC Women 2019"]
[Site "Batumi"]
[Date "2019.10.24"]
[Round "1.10"]
[White "Machlik, Edit"]
[Black "Garcia Martin, Marta"]
[Result "1-0"]
[ECO "D31"]
[WhiteElo "2062"]
[BlackElo "2305"]
[Annotator "NA"]
[PlyCount "77"]
[EventDate "2019.10.24"]
[EventType "team-tourn"]
[EventCountry "GEO"]
[SourceTitle "playchess.com"]
[Source "ChessBase"]
[SourceQuality "1"]
[WhiteTeam "Norway"]
[BlackTeam "Spain"]
[WhiteTeamCountry "NOR"]
[BlackTeamCountry "ESP"]
[TimeControl "40/5400+30:1800+30"]

1. d4 d5 2. c4 e6 3. Nc3 a6 4. c5 b6 5. cxb6 cxb6 6. Bf4 Bd6 7. Bxd6 Qxd6 8. e3 Nf6 9. Nf3 Nc6 10. Bd3 O-O 11. O-O Bb7 12. Qe2 Rfe8 13. Rfd1 b5 14. Rac1 Rac8 15. h3 Na5 16. Rc2 Nc4 17. Rdc1 Qb4 18. Nd1 Rb8 19. b3 Nd6 20. Ne5 Qa3 21. Rc5 Nc4 22. Nxc4 dxc4 23. Bxc4 bxc4 24. R1xc4 Bc6 25. Rxc6 e5 26. dxe5 Nd7 27. f4 f6 28. e6 Nb6 29. Rc2 Nd5 30. Rxa6 Qe7 31. Rd2 Rbd8 32. f5 Qc7 33. Ra4 Qe5 34. Qf3 Ne7 35. Rad4 Rc8 36. e4 Rc1 37. Qd3 Nc6 38. Rc4 Qa1 39. Rxc1 1-0

[Event "22nd ETCC Women 2019"]
[Site "Batumi"]
[Date "2019.10.24"]
[Round "1.11"]
[White "Matnadze, Ana"]
[Black "Kyrkjebo, Hanna B."]
[Result "1-0"]
[ECO "A14"]
[WhiteElo "2383"]
[BlackElo "1949"]
[Annotator "NA"]
[PlyCount "73"]
[EventDate "2019.10.24"]
[EventType "team-tourn"]
[EventCountry "GEO"]
[SourceTitle "playchess.com"]
[Source "ChessBase"]
[SourceQuality "1"]
[WhiteTeam "Spain"]
[BlackTeam "Norway"]
[WhiteTeamCountry "ESP"]
[BlackTeamCountry "NOR"]
[TimeControl "40/5400+30:1800+30"]

1. Nf3 Nf6 2. g3 e6 3. Bg2 d5 4. c4 Be7 5. O-O O-O 6. d4 dxc4 7. Qc2 a6 8. a4 Bd7 9. Ne5 Bc6 10. Nxc6 Nxc6 11. Bxc6 bxc6 12. Rd1 Qd7 13. Na3 Rfd8 14. Nxc4 c5 15. Be3 cxd4 16. Bxd4 Qc8 17. Rac1 Rb8 18. b3 Nd5 19. Ne5 Rb7 20. Nc6 Re8 21. Qc4 Qa8 22. e4 Nb6 23. Qc3 Bf8 24. Bc5 Bxc5 25. Qxc5 h6 26. Rc3 Nc8 27. e5 Nb6 28. Rf3 Nd5 29. Rxd5 exd5 30. Qxd5 Rf8 31. e6 fxe6 32. Ne7+ Kh7 33. Qe4+ Rf5 34. g4 c6 35. gxf5 Rxe7 36. f6+ Kg8 37. fxe7 1-0